 Dungeon Crawl Stone Soup version 0.30-a0-986-g7f2e898f52 (webtiles) character file.

Game seed: 4471093480456409357

118 bande the Covered (level 5, 0/33 HPs)
             Began as a Gargoyle Fighter on Apr 2, 2023.
             Slain by Grinder (5 damage)
             ... on level 3 of the Dungeon.
             The game lasted 00:04:32 (2256 turns).

bande the Covered (Gargoyle Fighter)                Turns: 2256, Time: 00:04:33

Health: 0/33       AC: 12    Str: 19    XL:     5   Next: 2%
Magic:  5/5        EV:  9    Int:  9    God:
Gold:   198        SH:  4    Dex: 11    Spells: 4/4 levels left

rFire   . . .      SeeInvis .    a - +0 war axe
rCold   . . .      Faith    .    c - +0 buckler
rNeg    + . .      Spirit   .    b - +0 scale mail
rPois   ∞          Reflect  .    p - +0 helmet
rElec   +          Rampage  .    (no cloak)
rCorr   .                        (no gloves)
Will    .....                    (no boots) Stlth
                                 (no amulet)
HPRegen 0.25/turn                (no ring)
MPRegen 0.09/turn                (no ring)

@: no status effects
A: sickness immunity, AC +4, negative energy resistance 1, electricity
resistance, torment resistance 1, petrification resistance
a: no special abilities


You were on level 3 of the Dungeon.
You visited 1 branch of the dungeon, and saw 3 of its levels.

You collected 198 gold pieces.

Inventory:

Hand Weapons
 a - a +0 war axe (weapon)
 m - the +2 flail of Propriety {freeze, *Rage *Noise rN+++ rCorr}
   (You found it on level 2 of the Dungeon)

   rN:        It renders you almost immune to negative energy.
   *Noise:    It may make noises in combat.
   *Rage:     It berserks you when you make melee attacks (+20% chance).
   rCorr:     It protects you from acid and corrosion.
Armour
 b - a +0 scale mail (worn)
 c - a +0 buckler (worn)
 p - a +0 helmet (worn)
Scrolls
 i - a scroll of amnesia
Potions
 d - a potion of might
 e - a potion of resistance
 g - a potion of flight
 h - a potion of ambrosia
 j - a potion of mutation
 k - a potion of lignification {unknown}
 l - a potion of cancellation {unknown}
 n - a potion of brilliance {unknown}
 o - a potion of degeneration {unknown}


   Skills:
 + Level 3.8 Fighting
 + Level 3.3 Axes
 + Level 4.0 Armour
 - Level 0.2 Dodging
 + Level 3.8 Shields


You had 4 spell levels left.
You didn't know any spells.
Your spell library contained the following spells:

 Spells                   Type           Power      Damage    Failure   Level
 Slow                     Hex            0%         N/A       83%         1
 Confusing Touch          Hex            0%         N/A       99%         3
 Summon Guardian Golem    Hex/Summ       0%         N/A       99%         3
 Vampiric Draining        Necr           0%         2d6       99%         3
 Orb of Destruction       Conj           0%         9d5       100%        7
 Spellforged Servitor     Conj/Summ      0%         N/A       100%        7


Dungeon Overview and Level Annotations

Branches:
Dungeon (3/15)

Altars:
Dithmenos
Qazlal
Sif Muna
Trog

Annotations:
D:3 Grinder


Innate Abilities, Weirdness & Mutations

You are immune to sickness and miasma.
Your stone body is resilient. (AC +4)
You are immune to poison.
You resist negative energy. (rN+)
You are resistant to electric shocks. (rElec)
You are resistant to unholy torment.
You are immune to petrification.


Message History

Pain shoots through your body!
* * * LOW HITPOINT WARNING * * *
You closely miss Grinder.
Grinder is severely wounded.
Grinder gestures at you.
You suddenly lose the ability to move!
Grinder blinks!
You can move again.
You feel better.
Found a dagger.
Grinder hits you.
You writhe in agony.
* * * LOW HITPOINT WARNING * * *
You closely miss Grinder.
Grinder is severely wounded.
Grinder gestures at you. You resist with significant effort.
You closely miss Grinder.
Grinder is severely wounded.
Grinder blinks!
Grinder hits you but does no damage.
You hit Grinder.
Grinder is severely wounded.
Grinder blinks!
You closely miss Grinder.
Grinder is severely wounded.
Grinder hits you.
* * * LOW HITPOINT WARNING * * *
You writhe in agony.
* * * LOW HITPOINT WARNING * * *
You closely miss Grinder.
Grinder is severely wounded.
Grinder hits you but does no damage. Grinder barely misses you.
You closely miss Grinder.
Grinder is heavily wounded.
Grinder completely misses you.
You slash Grinder!
Grinder is almost dead.
Grinder hits you but does no damage.
You hit Grinder.
Grinder is almost dead.
Grinder hits you.
You die...

#..........#######.#
#..........## #.####
#)........<.## #....###
#.[..........##
####.... #............#
######...
#...........###........
#.........##..#####..
#.........#..## #...
#...@.........# ##.#.
##..5.....##.........
#.........##.####..#.
#....#.#.......###.#.
#....#.#....#..##....
#..###.####....##....
#.. ... #.#.........
##. ._. #.#...÷.....
... #...#....##.


You could see Grinder.

Vanquished Creatures
  4 adders (D:2)
  4 dart slugs
  An orc (D:3)
  10 ball pythons
  7 bats
  3 endoplasms (D:1)
  3 giant cockroaches
  4 goblins
  2 hobgoblins (D:2)
  3 jackals (D:2)
  2 quokkas
  13 frilled lizards
  8 kobolds
  11 rats
75 creatures vanquished.

Vanquished Creatures (others)
  10 plants
10 creatures vanquished.

Grand Total: 85 creatures vanquished

Notes
Turn   | Place    | Note
-------+----------+-------------------------------------------
     0 | D:1      | bande the Gargoyle Fighter began the quest for the Orb.
     0 | D:1      | Reached XP level 1. HP: 14/14 MP: 1/1
   220 | D:1      | Reached XP level 2. HP: 19/19 MP: 2/2
   748 | D:1      | Reached XP level 3. HP: 19/23 MP: 3/3
  1165 | D:2      | Found a shimmering blue altar of Sif Muna.
  1214 | D:2      | Reached XP level 4. HP: 29/29 MP: 4/4
  1341 | D:2      | Reached skill level 4 in Armour
  1623 | D:2      | Identified the +2 flail of Propriety {freeze, *Rage *Noise
                  | rN+++ rCorr}
  1977 | D:3      | Reached XP level 5. HP: 33/33 MP: 5/5
  2067 | D:3      | Found a stormy altar of Qazlal.
  2152 | D:3      | Found a shadowy altar of Dithmenos.
  2213 | D:3      | Noticed Grinder
  2214 | D:3      | Paralysed by Grinder for 2 turns
  2227 | D:3      | Found a bloodstained altar of Trog.
  2233 | D:3      | Paralysed by Grinder for 2 turns
  2239 | D:3      | Paralysed by Grinder for 3 turns
  2256 | D:3      | Slain by Grinder

Illustrated notes

Levels and vault maps discovered:
D:1:      dpeg_arrival_arbitrary_c, layout_loops_corners, serial_glass,
          glass_columns_a, glass_columns_a, st_stairs_14,
          lexackson_kobold_supper
D:2:      layout_basic, basic_altar, dreamdust_princess_bridge,
          minmay_misc_feat_rugged, minmay_fractal_squares_gapless_5
D:3:      layout_rooms, mainiacjoe_overflow_catwalk, trog_wizard,
          nicolae_qazlal_eye_of_the_storm, minmay_lizard_king, uniq_grinder

Skill      XL: |  1  2  3  4 |
---------------+-------------+-----
Axes           | 2 3 |  3.3
Armour         | 4 |  4.0
Fighting       | |  3.8
Dodging        | |  0.2
Shields        | |  3.8

Action                     |  1- 3 |  4- 6 || total
---------------------------+-------+-------++-------
  Melee: War axe           |   116 |   112 ||   228
    Use: Scroll            |       |     6 ||     6
         Potion            |       |     1 ||     1
 Armour: Scale mail        |    75 |    60 ||   135
  Dodge: Dodged            |    58 |    52 ||   110
  Block: Buckler           |    36 |    26 ||    62

Table legend: (Time is in decaauts)
 A = Elapsed time spent in this place.
 B = Non-inter-level travel time spent in this place.
 C = Inter-level travel time spent in this place.
 D = Time resting spent in this place.
 E = Time spent auto-exploring this place.
 F = Levels seen in this place.
 G = Mean time per level.
                   A        B        C        D        E       F      G
               +--------+--------+--------+--------+--------+-----+--------+
         Total |   2352 |   2311 |     41 |      0 |   1710 |   3 |  784.0 |
       Dungeon |   2352 |   2311 |     41 |      0 |   1710 |   3 |  784.0 |
               +--------+--------+--------+--------+--------+-----+--------+

Top non-repeatable levels by time:
     D:1: 1083 daAuts
     D:2: 807 daAuts
     D:3: 461 daAuts
